 Dungeon Crawl Stone Soup version 0.20.1-1-g8b1a95d (webtiles) character file.

6402 kae the Spear-Bearer (level 10, -3/66 HPs)
             Began as a Gargoyle Fighter on Sept 24, 2017.
             Was a Priest of Makhleb.
             Slain by a sun demon (15 damage)
             ... summoned by an obsidian statue
             ... on level 10 of the Dungeon.
             The game lasted 00:12:57 (10073 turns).

kae the Spear-Bearer (Gargoyle Fighter)            Turns: 10073, Time: 00:12:58

Health: -3/66      AC: 20    Str: 24      XL:     10   Next: 98%
Magic:  14/14      EV: 10    Int:  8      God:    Makhleb [***...]
Gold:   626        SH:  0    Dex:  8 (9)  Spells: 9/9 levels left

rFire    x . .     SeeInvis .   H - +3 trident (venom)
rCold    + . .     Gourm    .   (no shield)
rNeg     + + .     Faith    +   b - +1 scale mail
rPois    ∞         Spirit   .   i - +0 helmet of Claustrophobia {+Fly rPois rN+}
rElec    +         Reflect  .   t - +0 cloak
rCorr    .         Harm     .   (no gloves)
MR       .....                  e - +0 pair of boots
Stlth    ..........             J - amulet of faith
Regen    0.3/turn               D - ring of flight
MPRegen  0.2/turn               A - ring of ice

@: no status effects
A: negative energy resistance 1, electricity resistance, unbreathing,
petrification resistance, rot immunity, AC +7
a: Minor Destruction, Lesser Servant of Makhleb, Renounce Religion, Evoke Flight


You were on level 10 of the Dungeon.
You worshipped Makhleb.
Makhleb was most pleased with you.
You were hungry.

You visited 2 branches of the dungeon, and saw 11 of its levels.
You also visited: Ossuary.

You collected 626 gold pieces.

Inventory:

Hand Weapons
 a - a +0 trident
 x - a +0 halberd
 C - a +0 scythe
 H - a +3 trident of venom (weapon)
Missiles
 G - 8 poisoned tomahawks (quivered)
 M - 2 throwing nets
Armour
 b - a +1 scale mail (worn)
 c - a +0 shield
 e - a +0 pair of boots (worn)
 i - the +0 helmet of Claustrophobia (worn) {+Fly rPois rN+}
   (You took it off Robin on level 2 of the Dungeon)

   It protects you from poison.
   It protects you from negative energy.
   It lets you fly.
 t - a +0 cloak (worn)
Jewellery
 w - a -3 ring of intelligence
 A - a ring of ice (right hand)
 D - a ring of flight (left hand)
 J - an amulet of faith (around neck)
Wands
 z - a wand of flame (26/48)
 P - a wand of acid (6/15)
Scrolls
 g - 6 scrolls of teleportation
 h - 2 scrolls of enchant armour
 n - 2 scrolls of amnesia
 q - 3 scrolls of remove curse
 v - 2 scrolls of fear
 y - 2 scrolls of fog
 F - 2 scrolls of identify
 O - a scroll of noise {unknown}
Potions
 d - 4 potions of might
 k - 2 potions of cancellation
 l - 3 potions of magic
 m - 6 potions of curing
 p - 2 potions of brilliance
 B - a potion of resistance
 E - a potion of degeneration
 I - a potion of haste {unknown}
 K - a potion of mutation {unknown}
 L - a potion of heal wounds
 N - a potion of agility {unknown}
 R - a potion of lignification {unknown}
Books
 o - a book of Misfortune

   Spells                             Type                      Level
   a - Confusing Touch                Hexes                        1
   b - Confuse                        Hexes                        3
   c - Gell's Gravitas                Translocation                3
   d - Petrify                        Transmutation/Earth          4
   e - Metabolic Englaciation         Hexes/Ice                    5
   f - Yara's Violent Unravelling     Hexes/Transmutation          5
 s - a book of Minor Magic

   Spells                             Type                      Level
   a - Magic Dart                     Conjuration                  1
   b - Blink                          Translocation                2
   c - Call Imp                       Summoning                    2
   d - Slow                           Hexes                        2
   e - Conjure Flame                  Conjuration/Fire             3
   f - Mephitic Cloud                 Conjuration/Poison/Air       3
Comestibles
 f - 4 bread rations
 j - 14 royal jellies
 r - 5 fruits
 u - 7 meat rations


   Skills:
 + Level 9.2 Fighting
 * Level 10.0 Polearms
 + Level 9.1 Armour
 - Level 3.2 Shields
 + Level 5.7 Invocations


You had 9 spell levels left.
You didn't know any spells.

Dungeon Overview and Level Annotations

Branches:
Dungeon (10/15)            Temple (1/1) D:6
   Lair: D:8-11         Orc: D:9-12

Altars:
Ashenzari
Cheibriados
Dithmenos
Elyvilon
Fedhas
Gozag
Hepliaklqana
Kikubaaqudgha
Makhleb
Nemelex Xobeh
Okawaru
Qazlal
Ru
Sif Muna
Trog
Uskayaw
Vehumet
Xom
Yredelemnul
Zin
The Shining One

Annotations:
D:10 exclusion: obsidian statue


Innate Abilities, Weirdness & Mutations

You are resistant to torment.
Your stone body is resilient. (AC +7)
You are immune to poison.
You resist negative energy. (rN+)
You are resistant to electric shocks. (rElec)
You can survive without breathing.
You are immune to petrification.
You are immune to rotting.


Message History

The orange demon stings you but does no damage.
The smoke demon gestures at you. Something smites you!
* * * LOW HITPOINT WARNING * * *
Your orange demon stings the obsidian statue but does no damage.
Your orange demon hits the obsidian statue.
The quasit barely misses you. The quasit completely misses you.
The quasit claws you but does no damage.
Your orange demon stings the obsidian statue from afar.
You puncture the obsidian statue!
The obsidian statue is severely damaged.
The orange demon stings you but does no damage.
The quasit barely misses you.
The quasit claws you but does no damage. x2
Your orange demon stings the obsidian statue but does no damage.
Your orange demon hits the obsidian statue but does no damage.
The smoke demon gestures at you.
The ball of steam hits the sun demon.
The sun demon resists.
The ball of steam misses you. The sun demon hits you!
You die...

....#...#
#########........
....#...#
..........#####..
....###.#
.........### .
.... .#
.........# .#
........#
.#......#
###.....#
##4##....#
##@33##...#
#§58..##..#
##44...#..#
##.......#
##......#
##........
##.........
##.......#
#.......#


You could see an obsidian statue, a sun demon, an orange demon, a smoke demon, a
quasit and 2 friendly orange demons.

Vanquished Creatures
  Fannar (D:10)
  Pikel (D:7)
  Joseph (D:8)
  A troll (D:9)
  A hornet (D:9)
  Eustachio (D:6)
  A soldier ant (D:9)
  Edmund (D:6)
  Duvessa (D:6)
  3 black bears
  A slave (D:7)
  4 orc warriors
  A phantom (D:8)
  4 ogres
  2 centaurs
  4 bullfrogs
  A wyvern zombie (D:10)
  A gnoll sergeant (D:7)
  Dowan (D:6)
  3 scorpions
  A wyvern skeleton (D:9)
  5 wights (D:7)
  4 killer bees (D:9)
  5 howler monkeys
  5 crimson imps
  A bullfrog zombie (D:9)
  A centaur zombie (D:9)
  A jelly (D:8)
  3 hounds
  Crazy Yiuf (D:3)
  4 centaur skeletons
  2 bullfrog skeletons (D:5)
  4 orc priests
  5 orc wizards
  7 iguanas
  3 worker ants
  A killer bee zombie (D:6)
  A hound skeleton (D:5)
  2 mummies (Ossuary)
  Robin (D:2)
  25 gnolls
  10 adders
  A howler monkey skeleton (D:9)
  5 shadow imps
  An ooze (D:6)
  An adder skeleton (D:4)
  2 worms
  5 dart slugs
  8 leopard geckos
  39 orcs
  3 giant cockroaches
  2 gnoll zombies (Ossuary)
  7 goblins
  13 hobgoblins
  15 jackals
  8 kobolds
  6 quokkas
  A ball python (D:2)
  7 bats
  7 frilled lizards
  2 gnoll skeletons (Ossuary)
  4 goblin skeletons (Ossuary)
  3 goblin zombies (Ossuary)
  6 hobgoblin skeletons (Ossuary)
  5 hobgoblin zombies (Ossuary)
  A jackal zombie (D:8)
  3 kobold skeletons (Ossuary)
  3 kobold zombies (Ossuary)
  A leopard gecko skeleton (D:4)
  2 orc skeletons (Ossuary)
  4 orc zombies (Ossuary)
  10 rats
  A rat skeleton (Ossuary)
  5 rat zombies (Ossuary)
307 creatures vanquished.

Vanquished Creatures (collateral kills)
  A killer bee (D:9)
  An orc priest (D:9)
  2 orc wizards (D:9)
  A centaur skeleton (D:10)
5 creatures vanquished.

Vanquished Creatures (others)
  Menkaure (Ossuary)
  A slave (D:7)
  A bullfrog (D:7)
  A jelly (D:7)
  A mummy (Ossuary)
  An adder (D:7)
  An adder zombie (D:7)
  4 goblin skeletons (Ossuary)
  A goblin zombie (Ossuary)
  A hobgoblin skeleton (Ossuary)
  A hobgoblin zombie (Ossuary)
  An orc skeleton (Ossuary)
  An orc zombie (Ossuary)
  A rat skeleton (Ossuary)
17 creatures vanquished.

Grand Total: 329 creatures vanquished

Notes
Turn   | Place    | Note
-------+----------+-------------------------------------------
     0 | D:1      | kae the Gargoyle Fighter began the quest for the Orb.
     0 | D:1      | Reached XP level 1. HP: 14/14 MP: 1/1
    82 | D:1      | Reached skill level 2 in Polearms
   154 | D:1      | Reached XP level 2. HP: 19/19 MP: 2/2
   795 | D:2      | Reached XP level 3. HP: 23/23 MP: 3/3
   839 | D:2      | Found a hide-covered altar of Uskayaw.
   959 | D:2      | Noticed Robin
   988 | D:2      | Reached skill level 3 in Polearms
  1004 | D:2      | Reached XP level 4. HP: 3/29 MP: 4/4
  1025 | D:2      | Killed Robin
  1033 | D:2      | Got a translucent helmet
  1084 | D:2      | Identified the +0 helmet of Claustrophobia {+Fly rPois rN+} (You took it off Robin on level 2 of the Dungeon)
  1266 | D:2      | Found a sparkling altar of Nemelex Xobeh.
  1532 | D:3      | Found a snail-covered altar of Cheibriados.
  1608 | D:3      | Found a runed door.
  1612 | D:3      | Noticed Crazy Yiuf
  1627 | D:3      | Killed Crazy Yiuf
  1627 | D:3      | Reached XP level 5. HP: 20/33 MP: 5/5
  1959 | D:3      | Reached skill level 4 in Polearms
  1977 | D:3      | Reached XP level 6. HP: 37/40 MP: 6/6
  2360 | D:4      | Reached skill level 5 in Fighting
  2785 | D:4      | Reached skill level 5 in Polearms
  2785 | D:4      | Reached XP level 7. HP: 21/44 MP: 7/7
  3052 | D:4      | Reached skill level 5 in Armour
  3584 | D:5      | Entered Level 5 of the Dungeon
  3867 | D:5      | Reached XP level 8. HP: 50/51 MP: 8/8
  4185 | D:5      | Reached skill level 6 in Polearms
  4677 | D:6      | Noticed Duvessa
  4677 | D:6      | Noticed Dowan
  4682 | D:6      | Killed Duvessa
  5202 | D:6      | Reached skill level 7 in Polearms
  5404 | D:6      | Found a staircase to the Ecumenical Temple.
  5414 | Temple   | Entered the Ecumenical Temple
  5624 | Temple   | Became a worshipper of Makhleb the Destroyer
  5724 | D:6      | Reached XP level 9. HP: 16/57 MP: 9/9
  5743 | D:6      | Noticed Eustachio
  5998 | D:6      | Killed Dowan
  5998 | D:6      | Reached skill level 1 in Invocations
  6120 | D:6      | Killed Eustachio
  6193 | D:6      | Noticed Edmund
  6212 | D:6      | Killed Edmund
  6485 | D:7      | Reached skill level 8 in Polearms
  6697 | D:7      | Noticed Pikel
  6765 | D:7      | Killed Pikel
  6765 | D:7      | Reached * piety under Makhleb
  7389 | D:8      | Found a sand-covered staircase.
  7395 | Ossuary  | Entered an ossuary
  7500 | Ossuary  | Reached ** piety under Makhleb
  7598 | Ossuary  | Killed Menkaure
  7739 | D:8      | Noticed Joseph
  7750 | D:8      | Killed Joseph
  7750 | D:8      | Reached skill level 9 in Polearms
  7750 | D:8      | Reached XP level 10. HP: 64/64 MP: 11/13
  7924 | D:8      | Found a radiant altar of Vehumet.
  7927 | D:8      | Found a shattered altar of Ashenzari.
  7930 | D:8      | Found a bloodstained altar of Trog.
  7933 | D:8      | Found a sacrificial altar of Ru.
  8018 | D:8      | Reached *** piety under Makhleb
  8994 | D:9      | Reached skill level 5 in Invocations
  9152 | D:9      | Found a shimmering altar of Xom.
  9607 | D:9      | Found a glowing golden altar of the Shining One.
  9859 | D:10     | Entered Level 10 of the Dungeon
  9951 | D:10     | Noticed Fannar
  9970 | D:10     | Killed Fannar
  9970 | D:10     | Reached skill level 10 in Polearms
 10052 | D:10     | Noticed an obsidian statue
 10068 | D:10     | Noticed a sun demon
 10070 | D:10     | Noticed an orange demon
 10070 | D:10     | Noticed a smoke demon
 10073 | D:10     | Slain by a sun demon

Skill      XL: |  1  2  3  4  5  6  7  8  9 10 |
---------------+-------------------------------+-----
Polearms       | 2 3 4 5 7 9 10 | 10.0
Fighting       | 4 5 6 7 8 9 |  9.2
Armour         | 4 5 6 8 9 |  9.1
Invocations    | 4 5 |  5.7
Shields        | |  3.2

Action                   |  1- 3 |  4- 6 |  7- 9 | 10-12 || total
-------------------------+-------+-------+-------+-------++-------
Melee: Trident           |   172 |   336 |   145 |   251 ||   904
       Halberd           |       |       |   384 |       ||   384
Invok: Lesser Servant of |       |       |       |    11 ||    11
  Use: Scroll            |     7 |     6 |    10 |       ||    23
       Potion            |       |     1 |     2 |       ||     3
  Eat: Chunk             |       |     7 |    16 |     7 ||    30
       Fruit             |       |       |       |     1 ||     1
Armor: Scale mail        |    98 |   170 |   257 |   136 ||   661
Dodge: Dodged            |    57 |    73 |   229 |    90 ||   449
Block: Shield            |    80 |   145 |    22 |       ||   247
